 Dungeon Crawl Stone Soup version 0.31-a0-965-g8a8ce12e04 (webtiles) character file.

Game seed: 5880346600158030386

179 Maratek the Covered (level 5, -2/47 HPs)
             Began as a Minotaur Fighter on Oct 26, 2023.
             Was an Initiate of Qazlal.
             Killed by nerve-wracking pain
             ... invoked by Grinder
              (12 damage)
             ... on level 3 of the Dungeon.
             The game lasted 00:02:38 (2047 turns).

Maratek the Covered (Minotaur Fighter)              Turns: 2047, Time: 00:02:38

Health: -2/47      AC:  7    Str: 35    XL:     5   Next: 32%
Magic:  4/4        EV: 10    Int:  5    God:    Qazlal [......]
Gold:   182        SH:  4    Dex:  9    Spells: 4/4 levels left

rFire   . . .        a - +0 war axe
rCold   . . .        c - +0 buckler
rNeg    . . .        b - +0 scale mail
rPois   .            (helmet restricted)
rElec   .            (no cloak)
rCorr   .            (no gloves)
SInv    .            (no boots)
Will    .....        (no amulet) Stlth
                     i - +6 ring of strength
HPRegen 0.27/turn    k - +6 ring of strength
MPRegen 0.09/turn

%: no passive effects
@: no status effects
A: horns 2, retaliatory headbutt
a: Renounce Religion


You were on level 3 of the Dungeon.
You worshipped Qazlal.
Qazlal was noncommittal.
You visited 1 branch of the dungeon, and saw 3 of its levels.

You collected 182 gold pieces.

Inventory:

Hand Weapons
 a - a +0 war axe (weapon)
Armour
 b - a +0 scale mail (worn)
 c - a +0 buckler (worn)
Jewellery
 i - a +6 ring of strength (left hand)
 k - a +6 ring of strength (right hand)
Scrolls
 f - a scroll of identify
 g - 3 scrolls of teleportation
 h - 2 scrolls of enchant armour
 l - 2 scrolls of revelation
 m - a scroll of noise
Potions
 d - a potion of might
 e - 2 potions of curing {unknown}
 j - a potion of enlightenment {unknown}
 o - a potion of heal wounds {unknown}


   Skills:
 + Level 4.4 Fighting
 + Level 4.6 Axes
 + Level 4.7 Armour
 + Level 1.1 Dodging
 + Level 4.2 Shields


You had 4 spell levels left.
You didn't know any spells.
Your spell library contained the following spells:

 Spells                   Type           Power      Damage    Failure   Level
 Magic Dart               Conj           0%         1d3       73%         1
 Searing Ray              Conj           0%         2d4       86%         2
 Fulminant Prism          Conj/Hex       0%         3d5       100%        4


Dungeon Overview and Level Annotations

Branches:
Dungeon (3/15)

Altars:
Dithmenos
Hepliaklqana
Qazlal
Xom

Shops:
D:3 [

Annotations:
D:3 Grinder


Innate Abilities, Weirdness & Mutations

You have a pair of horns on your head.
You reflexively headbutt those who attack you in melee.


Message History

You see here a +0 robe.
Grinder comes into view.
Grinder shouts!
Grinder is nearby!
Grinder blinks!
You closely miss Grinder. Grinder hits you.
You writhe in agony.
You barely miss Grinder. Your headbutt misses Grinder.
Grinder blinks!
You barely miss Grinder. Your headbutt misses Grinder. Grinder hits you.
You writhe in agony.
You closely miss Grinder. Grinder hits you!
You writhe in agony.
You barely miss Grinder. Your headbutt misses Grinder.
Grinder hits you but does no damage. You block Grinder's attack.
You slash Grinder!
Grinder is moderately wounded.
Grinder gestures at you.
You suddenly lose the ability to move!
Grinder hits you.
You writhe in agony.
Grinder barely misses you. Grinder hits you.
You can move again.
You slice Grinder!!
Grinder is severely wounded.
Grinder gestures at you.
You shrug off the repeated paralysis!
You barely miss Grinder.
Grinder is severely wounded.
Grinder hits you but does no damage.
You closely miss Grinder.
Grinder is severely wounded.
Grinder hits you. Grinder gestures at you. Pain shoots through your body!
* * * LOW HITPOINT WARNING * * *
You hit Grinder but do no damage.
Grinder is severely wounded.
Grinder blinks!
Grinder gestures at you. Pain shoots through your body!
You die...
Grinder says, "Now the real fun starts!"

#.####.##.##### ### #. ##.#
#.##.# ##_## #.###..## #.##.#
#...#### #.#.....###.##.#
.......## #.#.###..##.##.#
#...##..######[..#≈#.....##.#
#_._###.._#......###..#####.#
######..### ###.......#####.#
.......## #...@5.........
##.##### #.#...>........
#'#.# #.#.[...#.##### #.#.#
..###.###.# #...#
######.###.#
###.##########.......#
#..[.........#.#####
##############.# #.#


You could see Grinder.

Vanquished Creatures
  A scorpion (D:2)
  An orc priest (D:3)
  2 adders (D:2)
  A worm (D:2)
  2 dart slugs (D:2)
  3 orcs (D:3)
  8 endoplasms
  2 giant cockroaches (D:1)
  5 goblins
  6 hobgoblins
  6 jackals
  2 kobolds (D:2)
  2 quokkas
  4 ball pythons
  A bat (D:1)
  3 frilled lizards
  5 rats
54 creatures vanquished.

Notes
Turn   | Place    | Note
-------+----------+-------------------------------------------
     0 | D:1      | Maratek the Minotaur Fighter began the quest for the Orb.
     0 | D:1      | Reached XP level 1. HP: 19/19 MP: 0/0
   217 | D:1      | Reached XP level 2. HP: 26/27 MP: 1/1
   965 | D:2      | Reached XP level 3. HP: 31/33 MP: 2/2
  1239 | D:2      | Reached XP level 4. HP: 40/40 MP: 3/3
  1480 | D:2      | Noticed a scorpion
  1489 | D:2      | Killed a scorpion
  1490 | D:2      | Reached skill level 1 in Dodging
  1613 | D:2      | Reached XP level 5. HP: 47/47 MP: 4/4
  1837 | D:3      | Found Arrutoec's Antique Armour Emporium.
  1981 | D:3      | Found a shimmering altar of Xom.
  1981 | D:3      | Found a faded altar of an unknown god.
  1989 | D:3      | Found a stormy altar of Qazlal.
  1991 | D:3      | Found a hazy altar of Hepliaklqana.
  1993 | D:3      | Found a shadowy altar of Dithmenos.
  1997 | D:3      | Became a worshipper of Qazlal Stormbringer
  2030 | D:3      | Noticed Grinder
  2037 | D:3      | Paralysed by Grinder for 4 turns
  2047 | D:3      | Killed from afar by Grinder

Illustrated notes

Levels and vault maps discovered:
D:1:      zaba_arrival_water, layout_loops_ring
D:2:      layout_loops_corners
D:3:      layout_loops_ring, chequers_temple_overflow_minitemple, serial_shops,
          shop, feat_on_display, uniq_grinder

Skill      XL: |  1  2  3  4 |
---------------+-------------+-----
Fighting       | 4 |  4.4
Armour         | 4 |  4.7
Shields        | 4 |  4.2
Axes           | 3 4 |  4.6
Dodging        | 1 |  1.1

Action                     |  1- 3 |  4- 6 || total
---------------------------+-------+-------++-------
  Melee: War axe           |    81 |    50 ||   131
         Headbutt          |     7 |     5 ||    12
    Use: Scroll            |       |     5 ||     5
 Armour: Scale mail        |    44 |    28 ||    72
  Dodge: Dodged            |    36 |    21 ||    57
  Block: Buckler           |    20 |     8 ||    28

Table legend: (Time is in decaauts)
 A = Elapsed time spent in this place.
 B = Non-inter-level travel time spent in this place.
 C = Inter-level travel time spent in this place.
 D = Time resting spent in this place.
 E = Time spent auto-exploring this place.
 F = Levels seen in this place.
 G = Mean time per level.
                   A        B        C        D        E       F      G
               +--------+--------+--------+--------+--------+-----+--------+
         Total |   2098 |   2014 |     84 |      0 |   1664 |   3 |  699.3 |
       Dungeon |   2098 |   2014 |     84 |      0 |   1664 |   3 |  699.3 |
               +--------+--------+--------+--------+--------+-----+--------+

Top non-repeatable levels by time:
     D:2: 938 daAuts
     D:1: 916 daAuts
     D:3: 244 daAuts
